[Event "ICC tourney 2198 (45 10)"]
[Site "Internet Chess Club"]
[Date "2020.12.12"]
[Round "5"]
[White "AJM04"]
[Black "Aleksandrov73"]
[Result "0-1"]
[ICCResult "White resigns"]
[WhiteElo "2050"]
[BlackElo "2629"]
[Opening "Ruy Lopez: closed defense"]
[ECO "C84"]
[NIC "RL.13"]
[Time "21:07:26"]
[PlyCount "94"]
[TimeControl "2700+10"]


1. e4 e5 2. Nf3 Nc6 3. Bb5 a6 4. Ba4 Nf6 5. O-O Be7 6. d3 b5 7. Bb3 d6 8.
a4 b4 9. Re1 O-O 10. Nbd2 Rb8 11. c3 Na5 12. Ba2 c5 13. h3 h6 14. cxb4 cxb4
15. Nb3 Bb7 16. Bd2 Nc6 17. Rc1 a5 18. Bb1 d5 19. Nh4 Nxe4 20. dxe4 Bxh4
21. exd5 Ne7 22. Qg4 Bf6 23. Bxh6 Qxd5 24. Nc5 Bc8 25. Qe4 Qxe4 26. Nxe4
Bh4 27. Bg5 Bxg5 28. Nxg5 f6 29. Ne4 Rd8 30. Rc5 Rd5 31. Rxd5 Nxd5 32. Rd1
Be6 33. Nc5 Bf7 34. Ba2 Nf4 35. Bxf7+ Kxf7 36. Rd7+ Kg6 37. g3 Nxh3+ 38.
Kg2 Ng5 39. Ra7 Rd8 40. Rxa5 Rd2 41. Rb5 e4 42. Kf1 f5 43. Rxb4 Nf3 44. Rb7
Rd1+ 45. Kg2 Kh6 46. Rb8 Rg1+ 47. Kh3 g5 { White resigns } 0-1

[Event "ICC tourney 2198 (45 10)"]
[Site "Internet Chess Club"]
[Date "2020.12.12"]
[Round "5"]
[White "chesslin"]
[Black "AmyMGL"]
[Result "1/2-1/2"]
[ICCResult "Game drawn by mutual agreement"]
[WhiteElo "1804"]
[BlackElo "1900"]
[Opening "Queen's pawn: London system"]
[ECO "A45"]
[NIC "QP.07"]
[Time "21:06:41"]
[PlyCount "152"]
[TimeControl "2700+10"]


1. d4 Nf6 2. Bf4 g6 3. Nc3 Bg7 4. e4 d6 5. Qd2 O-O 6. Bh6 a6 7. Bxg7 Kxg7
8. O-O-O b5 9. f3 Bb7 10. h4 h5 11. Nh3 Nbd7 12. Nf4 e5 13. dxe5 Nxe5 14.
Ncd5 Rb8 15. Be2 Re8 16. g4 hxg4 17. h5 gxf3 18. hxg6 fxe2 19. Rdg1 Rh8 20.
Qxe2 Bxd5 21. exd5 Rxh1 22. Rxh1 Nxg6 23. Qh2 Qh8 24. Qg2 Qxh1+ 25. Qxh1
Nxf4 26. Qg1+ Kf8 27. Qa7 Re8 28. Qxa6 Re1+ 29. Kd2 Re2+ 30. Kd1 N6xd5 31.
Qxb5 Ne3+ 32. Kc1 Rxc2+ 33. Kb1 Nfd5 34. a4 f5 35. a5 f4 36. a6 Nb6 37. a7
Rc5 38. Qxb6 cxb6 39. a8=Q+ Ke7 40. Qe4+ Re5 41. Qxf4 Nd5 42. Qh4+ Kd7 43.
Qa4+ Ke7 44. Qc4 Kd7 45. Qa4+ Ke7 46. Ka2 Nc7 47. Qc6 Nd5 48. Ka3 Ke6 49.
Ka4 Re4+ 50. Ka3 Re5 51. Qc8+ Ke7 52. b3 Nf6 53. Qh8 Ne4 54. Qb8 b5 55. Kb4
Ke6 56. Ka5 Kf5 57. Qf8+ Kg4 58. b4 Kg3 59. Qf7 Kg4 60. Kb6 Kg5 61. Kc6 Kg4
62. Qf1 Kg5 63. Qf3 Kg6 64. Qf4 Kg7 65. Qf3 Kg6 66. Qd3 Kg5 67. Qe3+ Kg4
68. Kd7 Kf5 69. Qf3+ Kg5 70. Kc6 Kg6 71. Qf1 Kg5 72. Qf7 Kg4 73. Qf8 Kg3
74. Qf1 Kg4 75. Qf7 Kg3 76. Kb6 Kg4 { Game drawn by mutual agreement }
1/2-1/2

[Event "ICC tourney 2198 (45 10)"]
[Site "Internet Chess Club"]
[Date "2020.12.12"]
[Round "5"]
[White "amandapati"]
[Black "KRASAVCHIK"]
[Result "1/2-1/2"]
[ICCResult "Game drawn by mutual agreement"]
[WhiteElo "2020"]
[BlackElo "2648"]
[Opening "Scotch gambit"]
[ECO "C44"]
[NIC "SO.06"]
[Time "21:07:26"]
[PlyCount "119"]
[TimeControl "2700+10"]


1. e4 e5 2. Nf3 Nc6 3. d4 exd4 4. Bc4 Bc5 5. c3 Nf6 6. O-O Nxe4 7. Bd5 Nf6
8. Bg5 Be7 9. Bb3 O-O 10. cxd4 d5 11. Nc3 Bg4 12. Bxf6 Bxf6 13. Nxd5 Bxd4
14. Qd3 Be6 15. Qe4 Bxd5 16. Bxd5 Bxb2 17. Rab1 Qf6 18. Rfe1 Rad8 19. Re2
Ba3 20. Rxb7 Ne7 21. Bb3 Bd6 22. Re1 a5 23. Rb5 g6 24. Rxa5 Nf5 25. g3 Kg7
26. Kg2 Rb8 27. Ra6 Rb5 28. Rc1 Qe7 29. Qd3 Rb6 30. Rxb6 cxb6 31. g4 Ba3
32. Re1 Nh4+ 33. Kh3 Nxf3 34. Rxe7 Ng5+ 35. Kg2 Bxe7 36. h4 Ne6 37. Qd7
Nf4+ 38. Kg3 Ne2+ 39. Kf3 Ng1+ 40. Kg2 Bxh4 41. Kxg1 Bf6 42. a4 Bc3 43. Qd6
Ba5 44. Qd4+ Kg8 45. g5 Re8 46. Qf6 Rf8 47. f4 Bd2 48. Kf2 Bc1 49. Kf3 Ba3
50. Qxb6 Be7 51. a5 Bd8 52. Qc5 Kg7 53. a6 f6 54. Qa7+ Kh8 55. Qd4 h5 56.
gxh6 Kh7 57. a7 Be7 58. Qd7 Kxh6 59. Qxe7 Ra8 60. Bf7 { Game drawn by
mutual agreement } 1/2-1/2

[Event "ICC tourney 2198 (45 10)"]
[Site "Internet Chess Club"]
[Date "2020.12.12"]
[Round "5"]
[White "kralj8"]
[Black "imranchamp"]
[Result "0-1"]
[ICCResult "White resigns"]
[WhiteElo "1935"]
[BlackElo "1845"]
[Opening "Sicilian: closed"]
[ECO "B23"]
[NIC "SI.44"]
[Time "21:06:37"]
[PlyCount "130"]
[TimeControl "2700+10"]


1. e4 c5 2. Nc3 b6 3. Nf3 Bb7 4. d4 cxd4 5. Nxd4 Nc6 6. Be3 e6 7. a3 Be7 8.
Be2 a6 9. O-O Nf6 10. Nb3 O-O 11. Na4 b5 12. Nac5 Qc7 13. Nxb7 Qxb7 14. f3
d5 15. exd5 Nxd5 16. Bd2 Qb6+ 17. Kh1 Ne3 18. Bxe3 Qxe3 19. Qd3 Qxd3 20.
Bxd3 Rac8 21. c3 Ne5 22. Be2 Nc4 23. Bxc4 Rxc4 24. Rfd1 Rc6 25. Rd7 Bf6 26.
Rad1 Be5 27. g3 g6 28. Rd8 Bc7 29. Rxf8+ Kxf8 30. Kg2 Ke7 31. h4 Rd6 32.
Rxd6 Kxd6 33. f4 e5 34. fxe5+ Kxe5 35. Nc5 a5 36. Kf3 Kd6 37. Ne4+ Ke5 38.
Nd2 f5 39. g4 fxg4+ 40. Kxg4 Bd8 41. Nf3+ Kd5 42. Nd2 h5+ 43. Kg3 g5 44.
hxg5 Bxg5 45. Nb3 a4 46. Nd4 Kc4 47. Ne2 Kb3 48. Nd4+ Kc4 49. Ne2 Kb3 50.
Nd4+ Kxb2 51. Nxb5 Kb3 52. Kf3 Bf6 53. Ke3 Bxc3 54. Kd3 Bb2 55. Kd2 Bxa3
56. Nd4+ Kb2 57. Nb5 Bc5 58. Kd3 h4 59. Nc3 a3 60. Na4+ Kb1 61. Nc3+ Kc1
62. Kc4 h3 63. Kb3 h2 64. Ne2+ Kd2 65. Ng3 Ke1 { White resigns } 0-1